3L
MONTANA PANDAS @ CHICAGO HAWKS
09/17/2026
 
TOP OF THE 1ST
Montana Pandas batting - Pitching for Chicago Hawks : RHP Benny York
Pitching: RHP Benny York
Batting: LHB Clay Rush 0-0: Ball
1-0: Foul Ball, location: 2F
1-1: Swinging Strike
1-2: Ball
2-2: Ground out U3 (Groundball, 3S)
Batting: LHB Chad Armstrong 0-0: Foul Ball, location: 2F
0-1: SINGLE (Groundball, 4MD)
Batting: LHB Ray Sears 0-0: Swinging Strike
0-1: Fly out, F9 (Flyball, 89M)
Batting: LHB Héctor Cortéz 0-0: Fly out, F7 (Flyball, 7S)
Top of the 1st over - 0 run(s), 1 hit(s), 0 error(s), 1 left on base; Montana 0 - Chicago 0
BOTTOM OF THE 1ST
Chicago Hawks batting - Pitching for Montana Pandas : RHP Roderick Rhodes
Pitching: RHP Roderick Rhodes
Batting: LHB Scott Janousek 0-0: Ball
1-0: Ball
2-0: Ball
3-0: Foul Ball, location: 2F
3-1: Ground out 4-3 (Groundball, 4)
Batting: RHB Vincente Rotham 0-0: Ball
1-0: Ball
2-0: Called Strike
2-1: Ball
3-1: SINGLE (Flyball, 8RS)
Batting: RHB Robbie Roach 0-0: Ball
1-0: Ball
Vincente Rotham is caught stealing 2nd base
2-0: Foul Ball, location: 2F
2-1: Ball
3-1: Foul Ball, location: 2F
3-2: SOLO HOME RUN (Line Drive, 7D), Distance : 360 ft
Batting: LHB Raúl Aguirre 0-0: Swinging Strike
0-1: Ball
1-1: Ball
2-1: Ball
3-1: Called Strike
3-2: Base on Balls
Batting: LHB Dong-hee Chon 0-0: Foul Ball, location: 2F
0-1: Called Strike
0-2: Strikes out swinging
Bottom of the 1st over - 1 run(s), 2 hit(s), 0 error(s), 1 left on base; Montana 0 - Chicago 1
TOP OF THE 2ND
Montana Pandas batting - Pitching for Chicago Hawks : RHP Benny York
Batting: RHB Arlen Joysey 0-0: Ball
1-0: Called Strike
1-1: Called Strike
1-2: Ball
2-2: Ground out 6-3 (Groundball, 6)
Batting: LHB Mario Cruz 0-0: Ball
1-0: Swinging Strike
1-1: Ball
2-1: SINGLE (Flyball, 6MD)
Batting: RHB Riley Howard 0-0: Called Strike
0-1: Ball
1-1: Ball
2-1: Foul Ball, location: 2F
2-2: Foul Ball, location: 2F
2-2: Ball
3-2: 2-RUN HOME RUN (Flyball, 78XD), Distance : 374 ft
Batting: RHB Brady Ferris 0-0: Ball
1-0: Ball
2-0: Ball
3-0: Base on Balls
Batting: RHB Danny Walsh 0-0: Ball
1-0: Ball
2-0: Grounds into double play, 5-4-3 (Groundball, 56)
Top of the 2nd over - 2 run(s), 2 hit(s), 0 error(s), 0 left on base; Montana 2 - Chicago 1
BOTTOM OF THE 2ND
Chicago Hawks batting - Pitching for Montana Pandas : RHP Roderick Rhodes
Batting: RHB Pablo Trujillo 0-0: Ball
1-0: Ball
2-0: Called Strike
2-1: Foul Ball, location: 2F
2-2: Strikes out swinging
Batting: RHB Lorenzo Sabastro 0-0: Called Strike
0-1: Swinging Strike
0-2: Ball
1-2: Ground out 5-3 (Groundball, 5)
Batting: RHB Pedro Longoria 0-0: Ground out 6-3 (Groundball, 6)
Bottom of the 2nd over - 0 run(s), 0 hit(s), 0 error(s), 0 left on base; Montana 2 - Chicago 1
TOP OF THE 3RD
Montana Pandas batting - Pitching for Chicago Hawks : RHP Benny York
Batting: LHB Clay Rush 0-0: Ball
1-0: Ball
2-0: Called Strike
2-1: Ground out 1-3 (Groundball, 15S)
Batting: LHB Chad Armstrong 0-0: Ball
1-0: Ball
2-0: Foul Ball, location: 2F
2-1: Foul Ball, location: 2F
2-2: Ball
3-2: Fly out, F7 (Flyball, 7LD)
Batting: LHB Ray Sears 0-0: Called Strike
0-1: Ball
1-1: Ball
2-1: Ball
3-1: Foul Ball, location: 2F
3-2: Strikes out swinging
Top of the 3rd over - 0 run(s), 0 hit(s), 0 error(s), 0 left on base; Montana 2 - Chicago 1
BOTTOM OF THE 3RD
Chicago Hawks batting - Pitching for Montana Pandas : RHP Roderick Rhodes
Batting: LHB Johnny Hernández 0-0: Ball
1-0: Foul Ball, location: 2F
1-1: Ball
2-1: Ball
3-1: Called Strike
3-2: Foul Ball, location: 2F
3-2: SINGLE (Groundball, 34D)
Batting: LHB Scott Janousek 0-0: Called Strike
0-1: Ball
1-1: Foul Ball, location: 2F
1-2: Strikes out looking
Johnny Hernández steals 2nd base
Batter strikes out.
Batting: RHB Vincente Rotham 0-0: SINGLE (Groundball, 34D)
Johnny Hernández to third
Runner from 3rd tries for Home, SAFE, no throw
Batting: RHB Robbie Roach 0-0: Ball
1-0: Called Strike
1-1: Ball
2-1: Swinging Strike
2-2: Ground out 6-3 (Groundball, 6S)
Vincente Rotham to second
Batting: LHB Raúl Aguirre 0-0: Ball
1-0: Foul Ball, location: 2F
1-1: Ball
2-1: Ball
3-1: Foul Ball, location: 2F
3-2: Base on Balls
Batting: LHB Dong-hee Chon 0-0: Ball
1-0: Ball
2-0: Called Strike
2-1: Ball
3-1: Called Strike
3-2: DOUBLE (Line Drive, 7LS)
Vincente Rotham scores
Raúl Aguirre to third
Raúl Aguirre scores
Batting: RHB Pablo Trujillo 0-0: Ball
1-0: Called Strike
1-1: Ball
2-1: Foul Ball, location: 2F
2-2: Ball
3-2: Foul Ball, location: 2F
3-2: Fly out, F9 (Flyball, 9LS)
Bottom of the 3rd over - 3 run(s), 3 hit(s), 0 error(s), 1 left on base; Montana 2 - Chicago 4
TOP OF THE 4TH
Montana Pandas batting - Pitching for Chicago Hawks : RHP Benny York
Batting: LHB Héctor Cortéz 0-0: Foul Ball, location: 2F
0-1: Foul Ball, location: 2F
0-2: Ball
1-2: Foul Ball, location: 2F
1-2: Foul Ball, location: 2F
1-2: Ball
2-2: Ball
3-2: SINGLE (Line Drive, 56D)
Batting: RHB Arlen Joysey 0-0: Swinging Strike
0-1: Called Strike
0-2: Grounds into double play, 5-4-3 (Groundball, 56)
Batting: LHB Mario Cruz 0-0: Fly out, F8 (Line Drive, 8RXD)
Top of the 4th over - 0 run(s), 1 hit(s), 0 error(s), 0 left on base; Montana 2 - Chicago 4
BOTTOM OF THE 4TH
Chicago Hawks batting - Pitching for Montana Pandas : RHP Roderick Rhodes
Batting: RHB Lorenzo Sabastro 0-0: Foul Ball, location: 2F
0-1: Ball
1-1: Ground out 6-3 (Groundball, 6S)
Batting: RHB Pedro Longoria 0-0: Ground out 6-3 (Groundball, 56)
Batting: LHB Johnny Hernández 0-0: Ball
1-0: Swinging Strike
1-1: Called Strike
1-2: Ground out 3-1 (Groundball, 34)
Bottom of the 4th over - 0 run(s), 0 hit(s), 0 error(s), 0 left on base; Montana 2 - Chicago 4
TOP OF THE 5TH
Montana Pandas batting - Pitching for Chicago Hawks : RHP Benny York
Batting: RHB Riley Howard 0-0: Called Strike
0-1: Ball
1-1: Ball
2-1: Fly out, F9 (Flyball, 9)
Batting: RHB Brady Ferris 0-0: Ball
1-0: Ball
2-0: Swinging Strike
2-1: Ball
3-1: SOLO HOME RUN (Flyball, 7D), Distance : 343 ft
Batting: RHB Danny Walsh 0-0: Ball
1-0: Ball
2-0: Fly out, F8 (Flyball, 8LM)
Batting: LHB Clay Rush 0-0: Ball
1-0: Swinging Strike
1-1: Ball
2-1: SINGLE (Flyball, 89S)
Batting: LHB Chad Armstrong 0-0: Foul Ball, location: 2F
0-1: Ball
Wild Pitch!
Clay Rush to second
1-1: Foul Ball, location: 2F
1-2: Ball
Passed Ball!
Clay Rush to third
2-2: Ground out 1-3 (Groundball, 15S)
Top of the 5th over - 1 run(s), 2 hit(s), 0 error(s), 1 left on base; Montana 3 - Chicago 4
BOTTOM OF THE 5TH
Chicago Hawks batting - Pitching for Montana Pandas : RHP Roderick Rhodes
Batting: LHB Scott Janousek 0-0: Foul Ball, location: 2F
0-1: Ball
1-1: Foul Ball, location: 2F
1-2: Fly out, F8 (Flyball, 8RS)
Batting: RHB Vincente Rotham 0-0: Called Strike
0-1: Ball
1-1: Ground out 6-3 (Groundball, 6)
Batting: RHB Robbie Roach 0-0: Ball
1-0: Called Strike
1-1: Ball
2-1: Swinging Strike
2-2: Strikes out swinging
Bottom of the 5th over - 0 run(s), 0 hit(s), 0 error(s), 0 left on base; Montana 3 - Chicago 4
TOP OF THE 6TH
Montana Pandas batting - Pitching for Chicago Hawks : RHP Benny York
Batting: LHB Ray Sears 0-0: Ball
1-0: Ground out 5-3 (Groundball, 56)
Batting: LHB Héctor Cortéz 0-0: Ball
1-0: Foul Ball, location: 2F
1-1: Ground out 6-3 (Groundball, 6)
Batting: RHB Arlen Joysey 0-0: Called Strike
0-1: Called Strike
0-2: Ball
1-2: Fly out, F2 (Popup, 23)
Top of the 6th over - 0 run(s), 0 hit(s), 0 error(s), 0 left on base; Montana 3 - Chicago 4
BOTTOM OF THE 6TH
Chicago Hawks batting - Pitching for Montana Pandas : RHP Roderick Rhodes
Pitching: LHP Kevin Woods
Batting: LHB Raúl Aguirre 0-0: Ball
1-0: Called Strike
1-1: Foul Ball, location: 2F
1-2: Ground out 4-3 (Groundball, 4M)
Batting: LHB Dong-hee Chon 0-0: Called Strike
0-1: Ball
1-1: Fly out, F9 (Line Drive, 9)
Batting: RHB Pablo Trujillo 0-0: Ball
1-0: Called Strike
1-1: Ground out 1-3 (Groundball, 13S)
Bottom of the 6th over - 0 run(s), 0 hit(s), 0 error(s), 0 left on base; Montana 3 - Chicago 4
TOP OF THE 7TH
Montana Pandas batting - Pitching for Chicago Hawks : RHP Benny York
Batting: LHB Mario Cruz 0-0: Ball
1-0: Called Strike
1-1: Reached on error, E3 (Groundball, 34S)
Batting: RHB Riley Howard 0-0: Called Strike
0-1: Ball
1-1: SINGLE (Line Drive, 89S)
Mario Cruz to second
Batting: RHB Brady Ferris 0-0: Fly out, F7 (Flyball, 7)
Batting: RHB Danny Walsh 0-0: Foul Ball, location: 2F
0-1: Fly out, F9 (Line Drive, 9LM)
Batting: LHB Clay Rush 0-0: Ball
1-0: Ball
2-0: Ball
3-0: Called Strike
3-1: Base on Balls
Mario Cruz to third
Riley Howard to second
Batting: LHB Chad Armstrong 0-0: Ball
1-0: Ball
Wild Pitch!
Mario Cruz scores
Riley Howard to third
Clay Rush to second
2-0: Called Strike
2-1: Ball
3-1: Base on Balls
Batting: LHB Ray Sears 0-0: Ball
1-0: Ball
2-0: SINGLE (Groundball, 4MD)
Riley Howard scores
Clay Rush to third
Chad Armstrong to second
Runner from 3rd tries for Home, SAFE, throw made at trailing runner, OUT at third!
Top of the 7th over - 3 run(s), 2 hit(s), 1 error(s), 1 left on base; Montana 6 - Chicago 4
BOTTOM OF THE 7TH
Chicago Hawks batting - Pitching for Montana Pandas : LHP Kevin Woods
Batting: RHB Lorenzo Sabastro 0-0: Ball
1-0: Called Strike
1-1: Foul Ball, location: 2F
1-2: Foul Ball, location: 2F
1-2: Foul Ball, location: 2F
1-2: Ball
2-2: Foul Ball, location: 2F
2-2: Strikes out looking
Batting: RHB Pedro Longoria 0-0: Called Strike
0-1: Ball
1-1: Foul Ball, location: 2F
1-2: Ball
2-2: Foul Ball, location: 2F
2-2: Reached on error, E5 (Groundball, 56S)
Batting: LHB Johnny Hernández 0-0: Ball
1-0: Foul Ball, location: 2F
1-1: Swinging Strike
1-2: Strikes out swinging
Batting: LHB Scott Janousek 0-0: Ball
1-0: Called Strike
1-1: Swinging Strike
1-2: Ball
2-2: SINGLE (Line Drive, 89S)
Pedro Longoria to third
Runner from 3rd tries for Home, SAFE, no throw
Pitching: RHP Javier López
Pinch Hitting: LHB Álex Burgos 0-0: Called Strike
0-1: Ball
1-1: Reached on error, E5 (Groundball, 56)
Scott Janousek to second
Batting: RHB Robbie Roach 0-0: Foul Ball, location: 2F
0-1: Foul Ball, location: 2F
0-2: SINGLE (Flyball, 9S)
Scott Janousek to third
Álex Burgos to second
Runner from 3rd tries for Home, SAFE, no throw
Batting: LHB Raúl Aguirre 0-0: Called Strike
0-1: Called Strike
0-2: Foul Ball, location: 2F
0-2: Ground out 3-1 (Groundball, 34)
Bottom of the 7th over - 2 run(s), 2 hit(s), 2 error(s), 2 left on base; Montana 6 - Chicago 6
TOP OF THE 8TH
Montana Pandas batting - Pitching for Chicago Hawks : RHP Benny York
Pitching: RHP Shi-lin Li
Now at SS: Evan Adams
Batting: LHB Héctor Cortéz 0-0: Called Strike
0-1: Ball
1-1: Ground out U3 (Groundball, 3S)
Batting: RHB Arlen Joysey 0-0: Ball
1-0: Ball
2-0: Called Strike
2-1: Swinging Strike
2-2: Foul Ball, location: 2F
2-2: Strikes out swinging
Batting: LHB Mario Cruz 0-0: Called Strike
0-1: Ball
1-1: Ball
2-1: Ball
3-1: SINGLE (Groundball, 34D)
Batting: RHB Riley Howard 0-0: Ball
1-0: Ball
Wild Pitch!
Mario Cruz to second
2-0: Called Strike
Pickoff Throw to Second - Error! E1
Mario Cruz to third
2-1: Ground out 4-3 (Groundball, 4M)
Top of the 8th over - 0 run(s), 1 hit(s), 1 error(s), 1 left on base; Montana 6 - Chicago 6
BOTTOM OF THE 8TH
Chicago Hawks batting - Pitching for Montana Pandas : RHP Javier López
Batting: LHB Dong-hee Chon 0-0: Ball
1-0: Called Strike
1-1: Ball
2-1: Ball
3-1: Base on Balls
Batting: RHB Pablo Trujillo 0-0: Sac Bunt - play at second, runner safe!
Batting: RHB Lorenzo Sabastro 0-0: Sac Bunt - play at first, batter OUT! 2-4
Dong-hee Chon to third
Pablo Trujillo to second
Batting: RHB Pedro Longoria 0-0: Called Strike
0-1: Ball
1-1: Ball
2-1: Ball
3-1: Ground out 6-3 (Groundball, 6)
Batting: LHB Johnny Hernández 0-0: Ball
Passed Ball!
Dong-hee Chon scores
Pablo Trujillo to third
1-0: Called Strike
1-1: Fly out, F7 (Flyball, 78M)
Bottom of the 8th over - 1 run(s), 0 hit(s), 0 error(s), 1 left on base; Montana 6 - Chicago 7
TOP OF THE 9TH
Montana Pandas batting - Pitching for Chicago Hawks : RHP Shi-lin Li
Pitching: RHP Santiago Maes
Now at C: Mike Pace
Now at 1B: Ji-chol Yang
Batting: RHB Brady Ferris 0-0: Ball
1-0: Called Strike
1-1: Ground out 6-3 (Groundball, 6S)
Batting: RHB Danny Walsh 0-0: Ball
1-0: Foul Ball, location: 2F
1-1: Foul Ball, location: 2F
1-2: Foul Ball, location: 2F
1-2: Ball
2-2: Fly out, F8 (Flyball, 8LM)
Batting: LHB Clay Rush 0-0: Ball
1-0: Called Strike
1-1: Ball
2-1: SOLO HOME RUN (Flyball, 89XD), Distance : 391 ft
Batting: LHB Chad Armstrong 0-0: Called Strike
0-1: Foul Ball, location: 2F
0-2: SINGLE (Line Drive, 8RS)
Batting: LHB Ray Sears 0-0: Ball
1-0: Ball
2-0: Fly out, F5 (Popup, 56D)
Top of the 9th over - 1 run(s), 2 hit(s), 0 error(s), 1 left on base; Montana 7 - Chicago 7
BOTTOM OF THE 9TH
Chicago Hawks batting - Pitching for Montana Pandas : RHP Javier López
Batting: LHB Scott Janousek 0-0: Ball
1-0: Called Strike
1-1: Fly out, F7 (Flyball, 7S)
Batting: SHB Evan Adams 0-0: Ball
1-0: Called Strike
1-1: Foul Ball, location: 2F
1-2: Ground out 3-1 (Groundball, 34S)
Batting: RHB Robbie Roach 0-0: Ground out 6-3 (Groundball, 6M)
Bottom of the 9th over - 0 run(s), 0 hit(s), 0 error(s), 0 left on base; Montana 7 - Chicago 7
TOP OF THE 10TH
Montana Pandas batting - Pitching for Chicago Hawks : RHP Santiago Maes
Batting: LHB Héctor Cortéz 0-0: Called Strike
0-1: Fly out, F3 (Popup, 3S)
Batting: RHB Arlen Joysey 0-0: Fly out, F8 (Line Drive, 8RS)
Batting: LHB Mario Cruz 0-0: Called Strike
0-1: Swinging Strike
0-2: Ball
1-2: Strikes out swinging
Top of the 10th over - 0 run(s), 0 hit(s), 0 error(s), 0 left on base; Montana 7 - Chicago 7
BOTTOM OF THE 10TH
Chicago Hawks batting - Pitching for Montana Pandas : RHP Javier López
Batting: RHB Ji-chol Yang 0-0: Fly out, F8 (Flyball, 8LS)
Batting: LHB Mike Pace 0-0: Ball
1-0: Called Strike
1-1: Fly out, F8 (Flyball, 8LS)
Batting: RHB Pablo Trujillo 0-0: Fly out, F9 (Flyball, 9S)
Bottom of the 10th over - 0 run(s), 0 hit(s), 0 error(s), 0 left on base; Montana 7 - Chicago 7
TOP OF THE 11TH
Montana Pandas batting - Pitching for Chicago Hawks : RHP Santiago Maes
Pitching: RHP Joe Crown
Batting: RHB Riley Howard 0-0: Foul Ball, location: 2F
0-1: Foul Ball, location: 2F
0-2: Ball
1-2: Ball
2-2: Ground out 4-3 (Groundball, 4)
Batting: RHB Brady Ferris 0-0: Ball
1-0: Called Strike
1-1: Ground out 5-3 (Groundball, 56S)
Batting: RHB Danny Walsh 0-0: DOUBLE (Line Drive, 7LM)
Batting: LHB Clay Rush 0-0: Swinging Strike
0-1: Fly out, F7 (Flyball, 7)
Top of the 11th over - 0 run(s), 1 hit(s), 0 error(s), 1 left on base; Montana 7 - Chicago 7
BOTTOM OF THE 11TH
Chicago Hawks batting - Pitching for Montana Pandas : RHP Javier López
Batting: RHB Lorenzo Sabastro 0-0: Called Strike
0-1: Ball
1-1: Ball
2-1: Ball
3-1: Swinging Strike
3-2: Strikes out swinging
Batting: RHB Pedro Longoria 0-0: Ball
1-0: Called Strike
1-1: Fly out, F9 (Flyball, 9LM)
Batting: LHB Johnny Hernández 0-0: Called Strike
0-1: Ball
1-1: Ground out 4-3 (Groundball, 4)
Bottom of the 11th over - 0 run(s), 0 hit(s), 0 error(s), 0 left on base; Montana 7 - Chicago 7
TOP OF THE 12TH
Montana Pandas batting - Pitching for Chicago Hawks : RHP Joe Crown
Batting: LHB Chad Armstrong 0-0: Ball
1-0: Ball
2-0: Foul Ball, location: 2F
2-1: SINGLE (Groundball, 4MD)
Batting: LHB Ray Sears 0-0: Ball
1-0: Called Strike
1-1: Ball
2-1: Called Strike
2-2: Ball
3-2: Strikes out swinging
Batting: LHB Héctor Cortéz 0-0: Swinging Strike
0-1: Ball
1-1: Swinging Strike
1-2: Strikes out swinging
Batting: RHB Arlen Joysey 0-0: SINGLE (Groundball, 6MD)
Chad Armstrong to second
Batting: LHB Mario Cruz 0-0: Ball
1-0: Fielders Choice at 2nd, 4-6 (Groundball, 4)
Top of the 12th over - 0 run(s), 2 hit(s), 0 error(s), 1 left on base; Montana 7 - Chicago 7
BOTTOM OF THE 12TH
Chicago Hawks batting - Pitching for Montana Pandas : RHP Javier López
Batting: LHB Scott Janousek 0-0: Called Strike
0-1: Ball
1-1: Ball
2-1: Called Strike
2-2: Ball
3-2: Base on Balls
Batting: SHB Evan Adams 0-0: Sac Bunt - play at first, batter OUT! 1-4
Scott Janousek to second
Batting: RHB Robbie Roach 0-0: Foul Ball, location: 2F
0-1: Ball
1-1: Ball
2-1: Swinging Strike
2-2: Fly out, F8 (Flyball, 78XD)
Runner from 2nd tags up, SAFE at 3rd, no throw
Pitching: RHP Enrique Cortéz
Batting: RHB Ji-chol Yang 0-0: Fly out, F8 (Flyball, 8RD)
Bottom of the 12th over - 0 run(s), 0 hit(s), 0 error(s), 1 left on base; Montana 7 - Chicago 7
TOP OF THE 13TH
Montana Pandas batting - Pitching for Chicago Hawks : RHP Joe Crown
Batting: RHB Riley Howard 0-0: Called Strike
0-1: Ball
1-1: Ball
2-1: Swinging Strike
2-2: Ball
3-2: Strikes out swinging
Batting: RHB Brady Ferris 0-0: Ball
1-0: Ground out 6-3 (Groundball, 6)
Batting: RHB Danny Walsh 0-0: Called Strike
0-1: Ball
1-1: Ball
2-1: Ball
3-1: Called Strike
3-2: Strikes out swinging
Top of the 13th over - 0 run(s), 0 hit(s), 0 error(s), 0 left on base; Montana 7 - Chicago 7
BOTTOM OF THE 13TH
Chicago Hawks batting - Pitching for Montana Pandas : RHP Enrique Cortéz
Batting: LHB Mike Pace 0-0: Swinging Strike
0-1: Ball
1-1: Swinging Strike
1-2: Foul Ball, location: 2F
1-2: Ball
2-2: Ball
3-2: Base on Balls
Batting: RHB Pablo Trujillo 0-0: Sac Bunt - play at first, batter OUT! 5-4
Mike Pace to second
Batting: RHB Lorenzo Sabastro 0-0: Foul Ball, location: 2F
0-1: Ball
1-1: Foul Ball, location: 2F
1-2: Ball
2-2: Strikes out looking
Batting: RHB Pedro Longoria 0-0: Swinging Strike
0-1: Ground out 3-1 (Groundball, 34S)
Bottom of the 13th over - 0 run(s), 0 hit(s), 0 error(s), 1 left on base; Montana 7 - Chicago 7
TOP OF THE 14TH
Montana Pandas batting - Pitching for Chicago Hawks : RHP Joe Crown
Batting: LHB Clay Rush 0-0: Ball
1-0: Swinging Strike
1-1: Swinging Strike
1-2: Ball
2-2: Ball
3-2: Fly out, F9 (Flyball, 9S)
Batting: LHB Chad Armstrong 0-0: Foul Ball, location: 2F
0-1: Foul Ball, location: 2F
0-2: Ball
1-2: Ball
2-2: SINGLE (Line Drive, 4MD)
Batting: LHB Ray Sears 0-0: Called Strike
0-1: Foul Ball, location: 2F
0-2: Strikes out swinging
Batting: LHB Héctor Cortéz 0-0: Ball
Passed Ball!
Chad Armstrong to second
1-0: Swinging Strike
1-1: Foul Ball, location: 2F
1-2: Ball
2-2: Ball
3-2: Foul Ball, location: 2F
3-2: Foul Ball, location: 2F
3-2: SINGLE (Line Drive, 78S)
Chad Armstrong to third
Chad Armstrong scores
Pitching: RHP Teddy Perkins
Batting: RHB Arlen Joysey 0-0: Fielders Choice at 2nd, 5-4 (Groundball, 5L)
Top of the 14th over - 1 run(s), 2 hit(s), 0 error(s), 0 left on base; Montana 8 - Chicago 7
BOTTOM OF THE 14TH
Chicago Hawks batting - Pitching for Montana Pandas : RHP Enrique Cortéz
Batting: LHB Johnny Hernández 0-0: Called Strike
0-1: Ground out U3 (Groundball, 34)
Batting: LHB Scott Janousek 0-0: Ball
1-0: Ball
2-0: Ground out 4-3 (Groundball, 4)
Batting: SHB Evan Adams 0-0: Called Strike
0-1: Ball
1-1: Ball
2-1: Foul Ball, location: 2F
2-2: Strikes out swinging
Bottom of the 14th over - 0 run(s), 0 hit(s), 0 error(s), 0 left on base; Montana 8 - Chicago 7
Monday, March 20th, 2017 - OOTP Baseball 17.12 Build 75